cohdb
Replays
Latest Replays
All Replays
Popular Replays
Top Player Replays
Match Explorer
How It Works
Community
CoH3 Stats
Reddit
Sign in to upload your games and track your stats! →
Sign in with Steam
Match 40441136
Unlisted
Match 40441136
Overview
Messages
Build Orders
End
Construct Weapon Support Center
Scout Squad
M1919 Machine Gun Team
M1919 Machine Gun Team
Bazooka Squad
Infantry Support Center
M3 Armored Personnel Carrier
Engineer Squad
Selects Heavy Weapons
Selects Assault Carriers
Selects M2HB .50cal Heavy Machine Gun
Engineer Squad
Construct Tank Depot
Selects Halftrack Strongpoints
M4A1 Sherman Medium Tank
Selects Rapid Reposition
M4A1 Sherman Medium Tank
FooKilla
Silverstatic
Sparkle
Mo-J
0
0
Comments
sign in to comment!
No comments posted yet!